 Dungeon Crawl Stone Soup version 0.19-a0-1827-g174f941 (webtiles) character file.

20 jerryfan the Chiller (level 2, 0/20 HPs)
             Began as a Draconian Ice Elementalist on Oct 7, 2016.
             Slain by a leopard gecko (4 damage)
             ... on level 1 of the Dungeon.
             The game lasted 00:02:05 (544 turns).

jerryfan the Chiller (Draconian Ice Elementalist)    Turns: 544, Time: 00:02:06

Health: 0/20       AC:  4    Str: 10    XL:     2   Next: 58%
Magic:  2/5        EV: 12    Int: 15    God:
Gold:   8          SH:  0    Dex: 11    Spells: 1 memorised, 4 levels left

rFire  . . .     SeeInvis .     d - +0 hand axe (curse)
rCold  . . .     Gourm    .     (armour unavailable)
rNeg   . . .     Faith    .     (no shield)
rPois  .         Spirit   .     (helmet restricted)
rElec  .         Dismiss  .     (no cloak)
rCorr  .         Reflect  .     (no gloves)
MR     .....     Harm     .     (no boots)
Stlth  ++........               (no amulet)
                                (no ring)
                                (no ring)

@: no status effects
A: unfitting armour, cold-blooded, AC +4
a: no special abilities


You were on level 1 of the Dungeon.
You were not hungry.

You visited 1 branch of the dungeon, and saw 1 of its levels.

You collected 8 gold pieces.

Inventory:

Hand Weapons
 d - a cursed +0 hand axe (weapon)
 e - a +0 dagger
Books
 a - a book of Frost

   Spells                             Type                      Level
   a - Freeze                         Ice                          1
   b - Throw Frost                    Conjuration/Ice              2
   c - Ozocubu's Armour               Charms/Ice                   3
   d - Throw Icicle                   Conjuration/Ice              4
   e - Summon Ice Beast               Ice/Summoning                4
Comestibles
 b - a bread ration
 c - 4 chunks of flesh


   Skills:
 + Level 0.6 Axes
 + Level 2.1 Dodging
 + Level 1.7 Stealth
 + Level 2.2 Spellcasting
   Level 1.0 Conjurations
 + Level 3.3 Ice Magic


You had 4 spell levels left.
You knew the following spells:

 Your Spells              Type           Power        Failure   Level  Hunger
a - Freeze                Ice            ##..         8%          1    #......


Dungeon Overview and Level Annotations

Branches:
Dungeon (1/15)

Altars:


Innate Abilities, Weirdness & Mutations

Your plain brown scales are hard. (AC +4)
You cannot fit into any form of body armour.
You are cold-blooded and may be slowed by cold attacks.


Message History

Okay, then.
You closely miss the leopard gecko.
The leopard gecko is moderately wounded.
You hit the giant cockroach but do no damage.
The giant cockroach bites you but does no damage.
The leopard gecko bites you but does no damage.
The giant cockroach bites you but does no damage.
You hit the leopard gecko but do no damage.
The leopard gecko is moderately wounded.
You barely miss the giant cockroach. The leopard gecko bites you.
* * * LOW HITPOINT WARNING * * *
The giant cockroach misses you. The leopard gecko closely misses you.
The leopard gecko bites you.
* * * LOW HITPOINT WARNING * * *
You barely miss the giant cockroach. You tail-slap the giant cockroach.
You kill the giant cockroach!
You hit the leopard gecko but do no damage.
The leopard gecko completely misses you.
The leopard gecko bites you.
You die...

*##...........#.##.....#
*..........#..#..#.....#
*..........#.#...#.....#
*........#...#...#...####
*........#.$#..).'...))..
#...........#..).#...####
#..........#.....#...#
#....##l...#...).#...#
#.....††@.#.....######
#..##..s##...####
*...=.##.....# *****
#...##,,....## **,,,*
#.#*,,,,s..##**** *,,,,,
#,,,,,,,..##,,,,* *,,,,,
*,***,,,...+,,,,* *,,,,,
*,,,,,*,#.##,,,,****,,,,,
*****>,,,,,,,,,,,,,,,,,,,


You could see a leopard gecko and a giant cockroach.

Vanquished Creatures
  A leopard gecko (D:1)
  2 bats (D:1)
  A giant cockroach (D:1)
  4 goblins (D:1)
  3 hobgoblins (D:1)
  4 kobolds (D:1)
  2 rats (D:1)
17 creatures vanquished.

Notes
Turn   | Place    | Note
-------+----------+-------------------------------------------
     0 | D:1      | jerryfan the Draconian Ice Elementalist began the quest for the Orb.
     0 | D:1      | Reached XP level 1. HP: 14/14 MP: 3/3
   344 | D:1      | Reached XP level 2. HP: 12/20 MP: 0/5
   544 | D:1      | Slain by a leopard gecko

Vault maps used:
D:1:      scummos_arrival_gate, hangedman_decor_peaks_small, nrook_uturn,
          hangedman_feature_mirror

Skill      XL: |  1  2 |
---------------+-------+-----
Dodging        | 2 |  2.1
Axes           | |  0.6
Stealth        | |  1.7
Spellcasting   | |  2.2
Conjurations   | |  1.0
Ice Magic      | |  3.3

Action                   || total
-------------------------++-------
Melee: Hand axe          ||    24
       Unarmed           ||     9
       Tailslap          ||     2
 Cast: Freeze            ||    17
  Use: Scroll            ||     2
Armor: Skin              ||    12
Dodge: Dodged            ||    61
